 Dungeon Crawl Stone Soup version 0.28-a0-1510-gd0f6b136d3 (webtiles) character file.

Game seed: 2040821520434832913

9200 kae the Martial Artist (level 11, -4/97 HPs)
             Began as a Demonspawn Transmuter on Jan 14, 2022.
             Was a Believer of Ru.
             Slain by a centaur warrior zombie (7 damage)
             ... on level 11 of the Dungeon.
             The game lasted 00:10:51 (15375 turns).

kae the Martial Artist (Demonspawn Transmuter)     Turns: 15375, Time: 00:10:51

Health: -4/97      AC:  8    Str: 19    XL:     11   Next: 19%
Magic:  20/20      EV: 12    Int: 16    God:    Ru [**....]
Gold:   456        SH:  5    Dex: 14    Spells: 14/22 levels left

rFire   x . .      SeeInvis .     - Unarmed
rCold   + + +      Faith    .   (shield currently unavailable)
rNeg    . . .      Spirit   .   (armour currently unavailable)
rPois   +          Reflect  +   (helmet currently unavailable)
rElec   .          Harm     .   (cloak currently unavailable)
rCorr   .          Rampage  .   (gloves currently unavailable)
Will    .....                   (boots currently unavailable)
Stlth   +.........              o - amulet of reflection
HPRegen 0.26/turn               k - ring of poison resistance
MPRegen 0.17/turn               B - +6 ring of strength

@: ice-form, unable to drink, unable to read
A: freezing attack, amphibious, boosted hp, large, (slimy green scales 1),
demonic guardian 1, powered by death 1, inability to drink while threatened,
(demonic touch 3), inability to read while threatened
a: End Transformation, Renounce Religion


You were on level 11 of the Dungeon.
You worshipped Ru.
Ru was pleased with you.
You were a creature of crystalline ice.
You visited 2 branches of the dungeon, and saw 12 of its levels.
You also visited: Sewer and Ossuary.

You collected 534 gold pieces.
You spent 78 gold pieces at shops.

Inventory:

Armour
 a - a +0 robe
 c - a scarf of resistance (melded)
 n - a +0 pair of gloves
 w - +0 steam dragon scales (melded)
Jewellery
 k - a ring of poison resistance (left front paw)
 o - an amulet of reflection (around neck)
 B - a +6 ring of strength (right front paw)
 C - a +4 ring of evasion
Wands
 e - a wand of flame (10)
 u - a wand of mindburst (2)
 x - a wand of charming (7)
 D - a wand of polymorph (2)
Scrolls
 h - 3 scrolls of fog
 l - 3 scrolls of identify
 m - a scroll of brand weapon
 p - 3 scrolls of teleportation
 s - a scroll of blinking
 t - 3 scrolls of enchant weapon
 v - 2 scrolls of fear
 y - a scroll of immolation
Potions
 b - 4 potions of flight
 d - 3 potions of lignification
 f - 5 potions of magic
 g - 4 potions of attraction
 i - 2 potions of heal wounds
 j - 2 potions of resistance
 q - 4 potions of curing
 r - 3 potions of ambrosia
 z - a potion of might
 A - 2 potions of brilliance


   Skills:
 + Level 6.2 Fighting
 + Level 5.9 Dodging
 * Level 8.7 Unarmed Combat
 + Level 6.0 Spellcasting
 * Level 8.4 Transmutations
 - Level 5.0 Ice Magic
 - Level 4.7 Poison Magic


You had 14 spell levels left.
You knew the following spells:

 Your Spells              Type           Power      Damage    Failure   Level
a - Beastly Appendage     Tmut           62%        N/A       1%          1
b - Spider Form           Tmut/Pois      25%        N/A       2%          3
c - Ice Form              Ice/Tmut       26%        N/A       9%          4

Your spell library contained the following spells:

 Spells                   Type           Power      Damage    Failure   Level
 Wereblood                Tmut           31%        N/A       1%          2
 Ozocubu's Armour         Ice            20%        N/A       5%          3
 Blade Hands              Tmut           15%        N/A       12%         5
 Portal Projectile        Hex/Tloc       8%         N/A       38%         3
 Tukima's Dance           Hex            4%         N/A       38%         3
 Yara's Violent Unravell  Hex/Tmut       9%         3d6       56%         5
 Passage of Golubria      Tloc           4%         N/A       80%         4
 Metabolic Englaciation   Hex/Ice        6%         N/A       80%         5
 Excruciating Wounds      Necr           2%         N/A       98%         5
 Fireball                 Conj/Fire      2%         3d4       98%         5
 Simulacrum               Ice/Necr       6%         N/A       100%        6
 Starburst                Conj/Fire      2%         6d3       100%        6
 Ignition                 Fire           2%         3d3       100%        8


Dungeon Overview and Level Annotations

Branches:
Dungeon (11/15)            Temple (1/1) D:6            Lair (0/6) D:8
    Orc (0/2) D:10          Sewer (visited)         Ossuary (visited)

Altars:
Ashenzari
Cheibriados
Dithmenos
Elyvilon
Fedhas
Gozag
Hepliaklqana
Kikubaaqudgha
Makhleb
Nemelex Xobeh
Okawaru
Qazlal
Ru
Sif Muna
Trog
Uskayaw
Vehumet
Wu Jian
Xom
Yredelemnul
Zin
The Shining One

Shops:
D:8 *   D:9 =

Annotations:
D:3 Sigmund


Innate Abilities, Weirdness & Mutations

You are a creature of crystalline ice.
You have a powerful freezing melee attack.
You are amphibious.
Your maximum health is increased.
Your armour is entirely melded.
You are incapable of wielding weapons or throwing items.
((You are partially covered in slimy green scales. (AC +2)))
A weak demonic guardian rushes to your aid.
You regenerate a little health from kills.
You sometimes lose the ability to drink potions when taking damage.
((Your touch may irresistibly damage your foes and sap their willpower.))
You sometimes lose the ability to read scrolls when taking damage.


Message History

The meliai zombie hits you.
* * * LOW HITPOINT WARNING * * *
The meliai zombie hits you!
* * * LOW HITPOINT WARNING * * *
The meliai zombie misses you.
You pummel the meliai zombie!!
The meliai zombie is severely damaged.
You block the meliai zombie's attack. The meliai zombie hits you.
* * * LOW HITPOINT WARNING * * *
You cannot drink potions in your current state!
Okay, then.
You cannot read scrolls in your current state!
You punch the meliai zombie! You freeze the meliai zombie.
You destroy the meliai zombie!
You punch the centaur warrior zombie!
The centaur warrior zombie is lightly damaged.
The centaur warrior zombie hits you.
* * * LOW HITPOINT WARNING * * *
The centaur warrior zombie closely misses you.
Your orange demon stings the centaur warrior zombie from afar.
You hit the centaur warrior zombie.
The centaur warrior zombie is moderately damaged.
You block the centaur warrior zombie's attack.
The centaur warrior zombie kicks you.
* * * LOW HITPOINT WARNING * * *
Your orange demon stings the centaur warrior zombie from afar.
You punch the centaur warrior zombie!
The centaur warrior zombie is moderately damaged.
The centaur warrior zombie barely misses you.
The centaur warrior zombie kicks you but does no damage.
You hit the centaur warrior zombie.
The centaur warrior zombie is moderately damaged.
Your orange demon stings the centaur warrior zombie from afar.
The centaur warrior zombie closely misses you.
The centaur warrior zombie kicks you.
* * * LOW HITPOINT WARNING * * *
You pummel the centaur warrior zombie!! You freeze the centaur warrior zombie.
The centaur warrior zombie is severely damaged.
The centaur warrior zombie hits you!
You die...

######....#
.. #....# .
#....# #....#
#....# #..4.#
#....# ###Z##
#Y# #.# #.#
#.# #.# #.#
#.#
#############
#.#
#............
#.#
#.###########


You could see a centaur warrior zombie (ally target) and a friendly orange demon
(summoned).

Vanquished Creatures
  A centaur warrior (D:11)
  Maggie (D:7)
  A komodo dragon (D:10)
  2 trolls
  A meliai zombie (D:11)
  2 wyverns
  12 yaks
  Menkaure (D:7)
  A water moccasin (D:6)
  6 orc warriors
  3 black bears
  2 necrophages
  2 ogres (D:6)
  6 centaurs
  A phantom (D:6)
  3 kobold brigands
  3 bullfrogs
  14 scorpions
  A wyvern zombie (D:8)
  5 howler monkeys
  10 killer bees
  An electric eel (D:11)
  2 bullfrog zombies
  7 centaur zombies
  3 hounds
  2 human zombies (Ossuary)
  A bullfrog skeleton (D:5)
  2 jellies
  4 orc priests
  Jessica (D:2)
  Natasha (twice) (D:2)
  2 scorpion zombies (Ossuary)
  3 iguanas
  6 orc wizards
  A hell rat (Sewer)
  A killer bee zombie (D:7)
  3 mummies (Ossuary)
  A howler monkey zombie (D:9)
  Robin (D:1)
  5 adders
  A river rat (Sewer)
  2 worms
  A dart slug (D:4)
  24 orcs
  5 bats
  6 endoplasms
  4 giant cockroaches
  3 gnoll zombies (Ossuary)
  15 goblins
  10 hobgoblins
  15 jackals
  15 kobolds
  A quokka (D:3)
  5 ball pythons
  A frilled lizard (D:2)
  2 goblin zombies (Ossuary)
  2 hobgoblin zombies (Ossuary)
  4 kobold zombies (Ossuary)
  2 orc zombies (Ossuary)
  10 rats
254 creatures vanquished.

Vanquished Creatures (collateral kills)
  A hound (D:5)
  Natasha (D:2)
  An adder (D:2)
  An orc (D:7)
4 creatures vanquished.

Vanquished Creatures (others)
  4 fungi (D:8)
  6 plants (D:8)
10 creatures vanquished.

Grand Total: 268 creatures vanquished

Notes
Turn   | Place    | Note
-------+----------+-------------------------------------------
     0 | D:1      | kae the Demonspawn Transmuter began the quest for the Orb.
     0 | D:1      | Reached XP level 1. HP: 15/15 MP: 3/3
   119 | D:1      | Found a faded altar of an unknown god.
   222 | D:1      | Gained mutation: Your touch may inflict minor irresistible
                  | damage on your foes. [demonic ancestry]
   222 | D:1      | Reached XP level 2. HP: 19/21 MP: 3/5
   929 | D:1      | Reached XP level 3. HP: 26/26 MP: 4/6
   933 | D:1      | Learned a level 3 spell: Spider Form
  1090 | D:2      | Gained mutation: You sometimes lose the ability to read
                  | scrolls when taking damage. [potion of mutation]
  1092 | D:2      | Reached skill level 5 in Unarmed Combat
  1092 | D:2      | Reached skill level 5 in Transmutations
  1092 | D:2      | Gained mutation: A weak demonic guardian rushes to your
                  | aid. [demonic ancestry]
  1092 | D:2      | Reached XP level 4. HP: 9/35 MP: 6/9
  1756 | D:2      | Noticed Robin
  1779 | D:1      | Killed Robin
  2083 | D:2      | Learned a level 4 spell: Ice Form
  2108 | D:2      | Noticed Jessica
  2116 | D:2      | Killed Jessica
  2117 | D:2      | Reached XP level 5. HP: 41/41 MP: 6/10
  2482 | D:2      | Noticed Natasha
  2492 | D:2      | Killed Natasha
  2601 | D:2      | Noticed Natasha
  2609 | D:2      | Killed Natasha
  2952 | D:2      | Noticed Natasha
  2962 | D:2      | Killed Natasha
  3475 | D:3      | Noticed Sigmund
  4362 | D:4      | Found a glowing drain.
  4390 | D:4      | Gained mutation: You are partially covered in slimy green
                  | scales. (AC +2) [demonic ancestry]
  4390 | D:4      | Reached XP level 6. HP: 42/48 MP: 9/12
  4429 | D:4      | Reached skill level 1 in Ice Magic
  4555 | Sewer    | Entered a sewer
  5500 | D:5      | Entered Level 5 of the Dungeon
  5500 | D:5      | Found a sand-covered staircase.
  5537 | D:4      | Reached XP level 7. HP: 27/53 MP: 1/13
  5670 | Ossuary  | Entered an ossuary
  6138 | Ossuary  | Gained mutation: You regenerate a little health from kills.
                  | [demonic ancestry]
  6138 | Ossuary  | Reached XP level 8. HP: 47/60 MP: 14/14
  7090 | D:5      | Identified the +3 scale mail of Xom's Fury {Int+7}
  7825 | D:6      | Found a staircase to the Ecumenical Temple.
  7931 | Temple   | Entered the Ecumenical Temple
  8358 | Temple   | Became a worshipper of Ru the Awakened
  8742 | D:6      | Gained mutation: Your touch may inflict irresistible damage
                  | on your foes. [demonic ancestry]
  8742 | D:6      | Reached XP level 9. HP: 32/66 MP: 11/16
  9783 | D:7      | Noticed Menkaure
  9791 | D:7      | Killed Menkaure
 10026 | D:7      | Noticed Maggie
 10060 | D:7      | Killed Maggie
 10367 | D:7      | Gained mutation: You sometimes lose the ability to drink
                  | potions when taking damage. [Ru sacrifice]
 10367 | D:7      | Reached * piety under Ru
 10367 | D:7      | Reached ** piety under Ru
 10643 | D:7      | Reached skill level 5 in Fighting
 10823 | D:8      | Reached skill level 5 in Spellcasting
 11272 | D:7      | Reached skill level 5 in Dodging
 11272 | D:7      | Reached XP level 10. HP: 74/74 MP: 13/17
 11474 | D:8      | Found Beivi's General Store.
 11517 | D:8      | Bought a scroll of teleportation for 39 gold pieces
 11517 | D:8      | Bought a potion of curing for 39 gold pieces
 11682 | D:8      | Found an iron altar of Okawaru.
 11682 | D:8      | Found a broken altar of Ashenzari.
 12125 | D:8      | Found a staircase to the Lair.
 12131 | D:8      | Reached skill level 5 in Ice Magic
 12780 | D:9      | Found Jeats's One-of-a-Kind Rings.
 13418 | D:10     | Entered Level 10 of the Dungeon
 14386 | D:10     | Found a staircase to the Orcish Mines.
 14786 | D:11     | Noticed a boulder beetle
 14824 | D:11     | Noticed a jorogumo
 14824 | D:11     | a boulder beetle changed into a jorogumo
 15134 | D:11     | Noticed a centaur warrior
 15138 | D:11     | Killed a centaur warrior
 15139 | D:11     | Gained mutation: Your touch may irresistibly damage your
                  | foes and sap their willpower. [demonic ancestry]
 15139 | D:11     | Reached XP level 11. HP: 78/81 MP: 14/19
 15369 | D:11     | HP: 4/97 [meliai zombie (5)]
 15374 | D:11     | HP: 3/97 [centaur warrior zombie (1)]
 15375 | D:11     | Slain by a centaur warrior zombie

Illustrated notes

Levels and vault maps discovered:
D:1:      amcnicky_arrival_underground_garden, layout_loops_ring,
          shapermc_ecumenical_altar_starsandcircs
D:2:      layout_loops_ring, uniq_natasha, uniq_jessica, uniq_robin
D:3:      layout_loops_ring, chequers_hall_statues_corner_a, uniq_sigmund
D:4:      layout_rooms, gup_sewer_entry_glass
D:5:      layout_cave_pools, lightli_ossuary_entry_decrepit_ruins, minivault_4,
          minmay_misc_feat_four_crosses, minmay_hedge_maze
D:6:      layout_loops_corners, minmay_temple_entry_statues_fountains
D:7:      layout_loops_ring, minmay_misc_feat_chi, uniq_maggie, uniq_menkaure
D:8:      layout_gridville, chequers_temple_overflow_statue_of_worship,
          grunt_lair_entry_orc_guard_hut, serial_shops, shop_statue
D:9:      layout_irregular_city, nicolae_shop_unique_rings
D:10:     layout_stronghold, orc_0_dummy
D:11:     layout_basic
Temple:   mainiacjoe_temple_big_plus

Skill      XL: |  1  2  3  4  5  6  7  8  9 10 11 |
---------------+----------------------------------+-----
Transmutations | 2 5 6 7 8 |  8.4
Unarmed Combat | 3 5 6 7 8 |  8.7
Fighting       | 3 4 5 6 |  6.2
Dodging        | 3 4 5 |  5.9
Spellcasting   | 3 4 5 6 |  6.0
Poison Magic   | 4 |  4.7
Ice Magic      | 1 2 3 4 5 |  5.0

Action                   |  1- 3 |  4- 6 |  7- 9 | 10-12 || total
-------------------------+-------+-------+-------+-------++-------
Melee: Unarmed           |    72 |   182 |   276 |   223 ||   753
       Kick              |    13 |     1 |     3 |       ||    17
       Touch             |     7 |     2 |    12 |     3 ||    24
       Headbutt          |     5 |       |     5 |       ||    10
       Punch             |       |       |     4 |       ||     4
 Cast: Beastly Appendage |    15 |     6 |     4 |       ||    25
       Spider Form       |       |    36 |     7 |       ||    43
       Ice Form          |       |     1 |    24 |    28 ||    53
Invok: Sacrifice Drink   |       |       |     1 |       ||     1
       Reject Sacrifices |       |       |       |     1 ||     1
Evoke: Wand              |       |       |       |     4 ||     4
  Use: Potion            |     3 |       |       |     1 ||     4
       Scroll            |       |    10 |     7 |     6 ||    23
 Stab: Sleeping          |       |     1 |       |       ||     1
Armor: Robe              |    13 |     6 |     8 |       ||    27
       Skin              |       |     8 |    47 |   107 ||   162
       Steam dragon scal |       |       |     3 |     5 ||     8
Dodge: Dodged            |    50 |   158 |   178 |   140 ||   526
Block: Other             |       |       |       |    37 ||    37
       Reflection        |       |       |       |     2 ||     2

Table legend: (Time is in decaauts)
 A = Elapsed time spent in this place.
 B = Non-inter-level travel time spent in this place.
 C = Inter-level travel time spent in this place.
 D = Time resting spent in this place.
 E = Time spent auto-exploring this place.
 F = Levels seen in this place.
 G = Mean time per level.
                   A        B        C        D        E       F      G
               +--------+--------+--------+--------+--------+-----+--------+
         Total |  15307 |  14992 |    315 |   1196 |  11720 |  14 | 1093.4 |
       Dungeon |  13470 |  13183 |    287 |    999 |  10455 |  11 | 1224.5 |
        Temple |    449 |    422 |     27 |      0 |    416 |   1 |  449.0 |
         Sewer |    220 |    220 |      0 |      0 |    151 |   1 |  220.0 |
       Ossuary |   1166 |   1166 |      0 |    197 |    697 |   1 | 1166.0 |
               +--------+--------+--------+--------+--------+-----+--------+

Top non-repeatable levels by time:
     D:2: 2035 daAuts
     D:6: 1734 daAuts
    D:10: 1400 daAuts
     D:1: 1362 daAuts
     D:7: 1346 daAuts
 Ossuary: 1166 daAuts
     D:8: 1127 daAuts
     D:4: 1109 daAuts
     D:9: 991 daAuts
     D:3: 938 daAuts
     D:5: 885 daAuts
    D:11: 539 daAuts
  Temple: 449 daAuts
   Sewer: 220 daAuts
